 Dungeon Crawl Stone Soup version 0.32-a0-411-g744942f433 (webtiles) character file.

Game seed: 5997697961309096963

795 ezpacito the Trooper (level 7, -2/55 HPs)
             Began as a Demonspawn Chaos Knight on Feb 21, 2024.
             Was a Plaything of Xom.
             Slain by a hound (3 damage)
             ... on level 5 of the Dungeon.
             The game lasted 00:05:57 (3823 turns).

ezpacito the Trooper (Demonspawn Chaos Knight)      Turns: 3823, Time: 00:05:57

Health: -2/55      AC:  6    Str: 23    XL:     7   Next: 58%
Magic:  9/9        EV: 12    Int: 15    God:    Xom [*.....]
Gold:   21         SH:  0    Dex: 15    Spells: 5/9 levels left

rFire   . . .        a - +0 hand axe (chaos)
rCold   . . .        (no shield)
rNeg    . . .        b - +2 leather armour
rPois   .            (no helmet)
rElec   .            j - +0 cloak
rCorr   +            (no gloves)
SInv    .            (no boots)
Will    .....        f - amulet of faith
Stlth   ++           s - +6 ring of strength
HPRegen 0.29/turn    m - ring of resist corrosion
MPRegen 0.22/turn

%: faith
@: no status effects
A: foul stench 1, magic regeneration, big brain 2, agile 1, passive freeze,
strong 1
a: Renounce Religion


You were on level 5 of the Dungeon.
You worshipped Xom.
You were a special plaything of Xom.
You visited 2 branches of the dungeon, and saw 6 of its levels.

You collected 129 gold pieces.
You spent 108 gold pieces at shops.

Inventory:

Hand Weapons
 a - a +0 hand axe of chaos (weapon)
Missiles
 d - 5 silver javelins
 i - 4 poisoned darts (quivered)
 k - a throwing net
 r - 2 boomerangs
Armour
 b - a +2 leather armour (worn)
 c - a +0 scale mail
 j - a +0 cloak (worn)
 o - a +0 plate armour
Magical Staves
 q - a staff of earth
Jewellery
 e - a ring of see invisible
 f - an amulet of faith (around neck)
 l - a ring of flight
 m - a ring of resist corrosion (right hand)
 s - a +6 ring of strength (left hand)
 u - a ring of fire
Scrolls
 g - 5 scrolls of identify
 h - 2 scrolls of teleportation
 p - 2 scrolls of enchant armour
 t - a scroll of fog
Potions
 n - a potion of enlightenment


   Skills:
 * Level 4.7 Fighting
 * Level 4.1 Axes
 + Level 0.9 Throwing
 * Level 3.5 Armour
 * Level 3.0 Dodging
 + Level 2.0 Stealth
 * Level 2.5 Unarmed Combat
 + Level 1.7 Spellcasting


You had 5 spell levels left.
You knew the following spells:

 Your Spells              Type           Power      Damage    Failure   Level
a - Petrify               Alch/Erth      1%         N/A       95%         4

Your spell library contained the following spells:

 Spells                   Type           Power      Damage    Failure   Level
 Frozen Ramparts          Ice            2%         1d1       61%         3
 Leda's Liquefaction      Alch/Erth      0%         N/A       95%         4
 Metabolic Englaciation   Hex/Ice        0%         N/A       100%        5


Dungeon Overview and Level Annotations

Branches:
Dungeon (5/15)             Temple (1/1) D:4

Altars:
Ashenzari
Cheibriados
Dithmenos
Hepliaklqana
Kikubaaqudgha
Okawaru
Qazlal
Sif Muna
Uskayaw
Vehumet
Wu Jian
Xom
Yredelemnul

Shops:
D:1 =   D:4 !


Innate Abilities, Weirdness & Mutations

You may rarely emit foul miasma when damaged in melee.
You regenerate magic rapidly.
You have an extremely huge brain. (Int +4)
You are agile. (Dex +4, Str/Int -1)
A frigid envelope surrounds you and freezes all who hurt you.
Your muscles are strong. (Str +4, Int/Dex -1)


Message History

You kill the orc!
The water moccasin barely misses you.
You hit the water moccasin. You burn the water moccasin.
The water moccasin is severely wounded.
You hit the orc. You freeze the orc.
The orc priest mumbles some strange prayers to Beogh against you.
Beogh smites you!
* * * LOW HITPOINT WARNING * * *
The orc barely misses you.
You hit the water moccasin but do no damage.
The water moccasin is severely wounded.
You hit the orc but do no damage.
The orc is poisoned.
Unknown command.
You hit the water moccasin but do no damage.
The water moccasin is severely wounded.
You barely miss the orc. You closely miss the orc.
The water moccasin barely misses you. The orc misses you.
The orc hits you but does no damage.
The orc is very cold.
You kill the orc!
Unknown command.
You closely miss the orc.
The orc is moderately wounded.
You hit the hound but do no damage. You barely miss the water moccasin.
The hound bites you but does no damage.
The hound is very cold.
The hound is lightly wounded.
The orc barely misses you.
The orc priest calls down the wrath of Beogh upon you.
Beogh smites you!
* * * LOW HITPOINT WARNING * * *
Xom roars with laughter!
Okay, then.
You aren't carrying any items that you can evoke.
Okay, then.
The hound attacks as it pursues you! The hound bites you but does no damage.
The hound is very cold.
The hound is moderately wounded.
The orc attacks as it pursues you! The orc barely misses you.
The hound bites you.
You die...
Xom bursts into laughter!

.. $ #.. .##
..##..####
#...#....# #
#.#..>...#
..#.#S.......#
.......o#....#
#.h@....#
#o###...#


So. #.#.# .SS#. #.. # ##.##. ..## ... .. .## ..# .. .. #. .# ## You could see a
water moccasin (confused, slow), a hound, 3 adders and 3 orcs.

Vanquished Creatures
  Sigmund (D:3)
  A black bear (D:4)
  2 ogres
  A scorpion (D:4)
  A howler monkey (D:5)
  A bombardier beetle (D:3)
  A hound (D:2)
  Jessica (D:3)
  Terence (D:2)
  5 adders
  7 gnolls
  2 ribbon worms
  8 orcs
  6 ball pythons
  3 bats (D:1)
  3 endoplasms
  2 giant cockroaches (D:1)
  5 goblins
  5 hobgoblins
  4 jackals (D:1)
  5 kobolds
  A quokka (D:2)
  8 frilled lizards
  9 rats
83 creatures vanquished.

Vanquished Creatures (collateral kills)
  Crazy Yiuf (D:2)
  A rat (D:3)
2 creatures vanquished.

Vanquished Creatures (others)
  A gnoll zombie (D:3)
1 creature vanquished.

Grand Total: 86 creatures vanquished

Notes
Turn   | Place    | Note
-------+----------+-------------------------------------------
     0 | D:1      | ezpacito the Demonspawn Chaos Knight began the quest for
                  | the Orb.
     0 | D:1      | Reached XP level 1. HP: 18/18 MP: 1/1
    40 | D:1      | XOM: butterfly on damage
    52 | D:1      | Reached skill level 1 in Dodging
    52 | D:1      | Gained mutation: You have an unusually large brain. (Int
                  | +2) [demonic ancestry]
    52 | D:1      | Reached XP level 2. HP: 11/24 MP: 2/2
   217 | D:1      | XOM: 3-stop teleportation journey
   238 | D:1      | Reached XP level 3. HP: 29/29 MP: 3/3
   248 | D:1      | Found Bean's Jewellery Emporium.
   431 | D:1      | XOM: silly message
   589 | D:1      | XOM: cloud trail
   791 | D:2      | Found a snail-covered altar of Cheibriados.
   866 | D:2      | Gained mutation: You may rarely emit foul miasma when
                  | damaged in melee. [demonic ancestry]
   866 | D:2      | Reached XP level 4. HP: 23/36 MP: 4/4
   953 | D:2      | Noticed Terence
   972 | D:2      | Killed Terence
   973 | D:2      | Reached skill level 1 in Stealth
  1022 | D:2      | Reached skill level 1 in Unarmed Combat
  1068 | D:2      | You fall into a shaft and drop 2 floors!
  1177 | D:4      | Found Lapros's Distillery.
  1198 | D:4      | Learned a level 4 spell: Petrify
  1202 | D:4      | Bought a potion of degeneration for 12 gold pieces
  1554 | D:2      | XOM: divination: detect creatures
  1565 | D:2      | Reached XP level 5. HP: 41/42 MP: 6/6
  1664 | D:2      | Found a runed translucent door.
  1665 | D:2      | Noticed Crazy Yiuf
  2077 | D:2      | Killed Crazy Yiuf
  2078 | D:2      | Reached skill level 1 in Spellcasting
  2208 | D:3      | XOM: scenery: create altars
  2366 | D:3      | Gained mutation: You have an extremely huge brain. (Int +4)
                  | [demonic ancestry]
  2366 | D:3      | Reached XP level 6. HP: 23/48 MP: 7/7
  2464 | D:2      | XOM: god gift: scale mail {god gift}
  2530 | D:3      | XOM: divination: magic mapping
  2622 | D:3      | Noticed Sigmund
  2624 | D:3      | XOM: destruction
  2630 | D:3      | Killed Sigmund
  2653 | D:3      | XOM: god gift: staff of earth
  2720 | D:3      | XOM: cloud trail
  2893 | D:3      | Noticed Jessica
  2901 | D:3      | XOM: god gift: scroll labelled QIQIQ PISYUN {god gift}
  2910 | D:3      | Killed Jessica
  2916 | D:3      | XOM: 6-stop teleportation journey
  2985 | D:3      | XOM: silly message
  3011 | D:3      | XOM: chaos upgrade
  3277 | D:4      | XOM: 8-stop teleportation journey
  3315 | D:4      | Found a staircase to the Ecumenical Temple.
  3326 | Temple   | Entered the Ecumenical Temple
  3368 | D:4      | XOM: confusion
  3480 | D:4      | XOM: give mutations
  3480 | D:4      | Gained mutation: You do not regenerate when monsters are
                  | visible. [Xom's mischief]
  3480 | D:4      | Gained mutation: Your spells are a little harder to cast,
                  | but a little more powerful. [Xom's mischief]
  3480 | D:4      | Gained mutation: You are partially covered in large bone
                  | plates. (SH +4) [Xom's mischief]
  3504 | D:4      | Bought a potion of mutation for 96 gold pieces
  3504 | D:4      | Lost mutation: Your spells are a little harder to cast, but
                  | a little more powerful. [potion of mutation]
  3504 | D:4      | Lost mutation: You do not regenerate when monsters are
                  | visible. [potion of mutation]
  3504 | D:4      | Lost mutation: You are partially covered in large bone
                  | plates. (SH +4) [potion of mutation]
  3504 | D:4      | Gained mutation: A frigid envelope surrounds you and
                  | freezes all who hurt you. [potion of mutation]
  3504 | D:4      | Gained mutation: You are agile. (Dex +4, Str/Int -1)
                  | [potion of mutation]
  3504 | D:4      | Gained mutation: Your muscles are strong. (Str +4, Int/Dex
                  | -1) [potion of mutation]
  3608 | D:4      | Gained mutation: You regenerate magic rapidly. [demonic
                  | ancestry]
  3608 | D:4      | Reached XP level 7. HP: 55/55 MP: 9/9
  3745 | D:5      | Entered Level 5 of the Dungeon
  3807 | D:5      | XOM: noise
  3808 | D:5      | XOM: swap monsters
  3809 | D:5      | XOM: butterfly on damage
  3814 | D:5      | XOM: 1-stop teleportation journey
  3815 | D:5      | XOM: noise
  3822 | D:5      | HP: 1/55 [orc priest/divine providence (14)]
  3823 | D:5      | Slain by a hound

Illustrated notes

Levels and vault maps discovered:
D:1:      spicycebolla_green_bress_n_ham_2, layout_basic, serial_shops,
          nicolae_shop_window_shopping, minmay_pentomino_q2
D:2:      layout_rooms, serial_co_window_serial, co_window_cross_1,
          co_window_corner_a, co_window_cross_1, co_window_corner_a,
          co_window_paths_a, co_window_paths_a, co_window_paths_a,
          co_window_2corner, co_window_2corner, co_window_of_opportunity_c,
          co_window_corner_ca, glass_columns_a, basic_altar,
          kennysheep_generic_room_14, uniq_terence, uniq_crazy_yiuf_cottage
D:3:      layout_loops_ring, uniq_jessica, uniq_sigmund
D:4:      layout_rooms, minmay_temple_entry_waves, serial_shops, shop
D:5:      cheibrodos_helix_gallery, layout_rooms, kennysheep_mini,
          minmay_fractal_squares_5
Temple:   nicolae_temple_no_exploring_needed

Skill      XL: |  1  2  3  4  5  6  7 |
---------------+----------------------+-----
Dodging        | 1 2 3 |  3.0
Armour         | 2 3 |  3.5
Axes           | 3 4 |  4.1
Stealth        | 1 2 |  2.0
Unarmed Combat | 1 2 |  2.5
Fighting       | 4 |  4.7
Spellcasting   | 1 |  1.7
Throwing       | |  0.9

Action                     |  1- 3 |  4- 6 |  7- 9 || total
---------------------------+-------+-------+-------++-------
  Melee: Hand axe          |    92 |   191 |    16 ||   299
    Use: Scroll            |       |     7 |       ||     7
         Potion            |       |     3 |       ||     3
   Stab: Sleeping          |     2 |     1 |       ||     3
         Distracted        |     1 |       |       ||     1
         Paralysed         |       |     1 |       ||     1
         Petrifying        |       |     1 |       ||     1
 Armour: Leather armour    |    47 |   122 |    14 ||   183
  Dodge: Dodged            |    61 |   116 |    19 ||   196

Table legend: (Time is in decaauts)
 A = Elapsed time spent in this place.
 B = Non-inter-level travel time spent in this place.
 C = Inter-level travel time spent in this place.
 D = Time resting spent in this place.
 E = Time spent auto-exploring this place.
 F = Levels seen in this place.
 G = Mean time per level.
                   A        B        C        D        E       F      G
               +--------+--------+--------+--------+--------+-----+--------+
         Total |   3863 |   3624 |    239 |    102 |   2761 |   6 |  643.8 |
       Dungeon |   3861 |   3623 |    238 |    102 |   2761 |   5 |  772.2 |
        Temple |      1 |      1 |      0 |      0 |      0 |   1 |    1.0 |
               +--------+--------+--------+--------+--------+-----+--------+

Top non-repeatable levels by time:
     D:3: 1205 daAuts
     D:2: 1178 daAuts
     D:1: 759 daAuts
     D:4: 639 daAuts
     D:5: 79 daAuts
  Temple: 1 daAuts
